 Dungeon Crawl Stone Soup version 0.19.3-1-g3169bf9 (webtiles) character file.

114 ChocoTaco the Cudgeler (level 4, 0/28 HPs)
             Began as a Gargoyle Monk on Jan 26, 2017.
             Was a Believer of Cheibriados.
             Slain by a gnoll shaman
             ... wielding a +0 club
              (2 damage)
             ... on level 4 of the Dungeon.
             The game lasted 00:03:04 (3287 turns).

ChocoTaco the Cudgeler (Gargoyle Monk)              Turns: 3287, Time: 00:03:05

Health: 0/28       AC:  8    Str: 22    XL:     4   Next: 97%
Magic:  5/5        EV: 17    Int: 16    God:    Cheibriados [**....]
Gold:   174        SH:  0    Dex: 23    Spells: 0 memorised, 3 levels left

rFire  . . .     SeeInvis .     a - +0 mace
rCold  . . .     Gourm    .     h - +0 ring mail (curse)
rNeg   + . .     Faith    .     (no shield)
rPois  ∞         Spirit   .     (no helmet)
rElec  +         Reflect  .     (no cloak)
rCorr  .         Harm     .     (no gloves)
MR     .....                    (no boots)
Stlth  +++.......               (no amulet)
                                (no ring)
                                (no ring)

@: agile, very slow
A: negative energy resistance 1, electricity resistance, unbreathing,
petrification resistance, rot immunity, AC +3
a: Bend Time, Renounce Religion


You were on level 4 of the Dungeon.
You worshipped Cheibriados.
Cheibriados was pleased with you.
You were not hungry.

You visited 1 branch of the dungeon, and saw 4 of its levels.

You collected 174 gold pieces.

Inventory:

Hand Weapons
 a - a +0 mace (weapon)
Armour
 b - a +0 robe
 f - a +0 scale mail
 h - a cursed +0 ring mail (worn)
 k - a +0 chain mail
 s - a cursed +0 cloak
Wands
 p - a wand of lightning (8/15)
 r - a wand of polymorph (16/24)
Scrolls
 e - 2 scrolls of teleportation
 g - a scroll of immolation
 t - a scroll of identify
Potions
 j - a potion of degeneration {unknown}
 l - a potion of cancellation {unknown}
 o - a potion of flight {unknown}
Comestibles
 c - 4 bread rations
 m - 4 fruits
 n - a chunk of flesh
 q - a beef jerky


   Skills:
 - Level 3.2 Fighting
 + Level 5.1 Maces & Flails
 - Level 2.4 Dodging
 - Level 2.1 Stealth
 + Level 1.8 Invocations


You had 3 spell levels left.
You didn't know any spells.

Dungeon Overview and Level Annotations

Branches:
Dungeon (4/15)
 Temple: D:4-7

Altars:
Cheibriados


Innate Abilities, Weirdness & Mutations

You are resistant to torment.
Your stone body is resilient. (AC +3)
You are immune to poison.
You resist negative energy. (rN+)
You are resistant to electric shocks. (rElec)
You can survive without breathing.
You are immune to petrification.
You are immune to rotting.


Message History

The gnoll shaman hits you but does no damage.
The gnoll misses you.
You hit the gnoll shaman but do no damage.
The gnoll shaman is almost dead.
The gnoll hits you from afar with a spear.
* * * LOW HITPOINT WARNING * * *
The gnoll shaman mumbles some strange prayers to its god.
The gnoll shaman is healed somewhat.
The gnoll hits you from afar with a spear.
* * * LOW HITPOINT WARNING * * *
Okay, then.
You sock the gnoll shaman!
The gnoll shaman is almost dead.
The gnoll misses you.
The gnoll shaman utters an invocation to its god.
The gnoll shaman is healed somewhat.
You closely miss the gnoll shaman.
The gnoll shaman is severely wounded.
The gnoll completely misses you. The gnoll shaman hits you with a club.
You die... ##.#.### .# ## ##......##. #.. ...#.#... #.# .....(. #.# ..... #.# .Sg

#.# #g# ###.#### #g#
#......# #@# #.#.##.#
##'## #.#.##.# ##...##
#####.#.##.###.....##
#.......##.##.....[.#
#.#.#...##.#.........#
#.#........'.........+
#.#.#...##.#.........#
#..........##.....^.##


You could see a gnoll shaman, 2 gnolls and an adder.

Vanquished Creatures
  2 gnolls (D:4)
  An adder (D:2)
  A worm (D:3)
  2 dart slugs
  4 leopard geckos
  5 orcs (D:3)
  2 giant cockroaches (D:3)
  8 goblins
  12 hobgoblins
  A jackal (D:1)
  6 kobolds
  3 quokkas
  6 bats
  4 frilled lizards
  7 rats
64 creatures vanquished.

Notes
Turn   | Place    | Note
-------+----------+-------------------------------------------
     0 | D:1      | ChocoTaco the Gargoyle Monk began the quest for the Orb.
     0 | D:1      | Reached XP level 1. HP: 14/14 MP: 1/1
     2 | D:1      | Noticed a centaur
     2 | D:1      | Noticed a troll
     4 | D:1      | Noticed a merfolk
     4 | D:1      | Noticed a demonspawn
     6 | D:1      | Noticed a ghoul
     6 | D:1      | Noticed a felid
     8 | D:1      | Noticed a dwarf
    10 | D:1      | Noticed a minotaur
    10 | D:1      | Noticed a vampire
    13 | D:1      | Noticed a tengu
    13 | D:1      | Noticed a vine stalker
    15 | D:1      | Noticed a spriggan
    15 | D:1      | Noticed an ogre
    17 | D:1      | Noticed a gargoyle
    19 | D:1      | Noticed a formicid
    21 | D:1      | Noticed an elf
    21 | D:1      | Noticed a draconian
    23 | D:1      | Noticed an octopode
    23 | D:1      | Noticed a demigod
    25 | D:1      | Noticed a human
    25 | D:1      | Noticed a naga
    27 | D:1      | Noticed a halfling
    69 | D:1      | Reached XP level 2. HP: 6/19 MP: 2/2
   773 | D:1      | Reached skill level 4 in Maces & Flails
  1097 | D:1      | Reached XP level 3. HP: 23/23 MP: 3/3
  2153 | D:2      | Found a snail-covered altar of Cheibriados.
  2191 | D:2      | Became a worshipper of Cheibriados the Contemplative
  2191 | D:2      | Reached * piety under Cheibriados
  2191 | D:2      | Reached ** piety under Cheibriados
  2253 | D:3      | Reached XP level 4. HP: 27/28 MP: 4/4
  2765 | D:3      | Reached skill level 1 in Invocations
  2965 | D:3      | Reached skill level 5 in Maces & Flails
  3287 | D:4      | Slain by a gnoll shaman

Skill      XL: |  1  2  3  4 |
---------------+-------------+-----
Maces & Flails | 4 5 |  5.1
Invocations    | 1 |  1.8
Fighting       | |  3.2
Dodging        | |  2.4
Stealth        | |  2.1

Action                   |  1- 3 |  4- 6 || total
-------------------------+-------+-------++-------
Melee: Mace              |   137 |    92 ||   229
  Use: Scroll            |       |     6 ||     6
       Potion            |       |     2 ||     2
 Stab: Sleeping          |     1 |     2 ||     3
  Eat: Chunk             |     4 |     2 ||     6
Armor: Robe              |    15 |       ||    15
       Ring mail         |    57 |    50 ||   107
Dodge: Dodged            |    80 |    84 ||   164
